[Event "Live Chess"]
[Site "Chess.com"]
[Date "2020.10.13"]
[Round "3"]
[White "ninjaforce"]
[Black "ecwinslow"]
[Result "0-1"]
[WhiteElo "1958"]
[BlackElo "2278"]
[TimeControl "2100+2"]
[EndTime "19:43:52 PDT"]
[Termination "ecwinslow won by checkmate"]

1. e4 c5 2. Nf3 Nc6 3. d4 cxd4 4. Nxd4 Nf6 5. Nc3 d6 6. Bc4 e6 7. Bb3 Be7 8. Be3
a6 9. Qe2 Qc7 10. O-O-O Na5 11. g4 b5 12. g5 Nxb3+ 13. axb3 Nd7 14. h4 b4 15.
Na4 Nc5 16. h5 Nxe4 17. Qg4 d5 18. g6 Bf6 19. f3 e5 20. Nf5 Bxf5 21. Qxf5 Ng3
22. Qg4 Nxh1 23. Nb6 d4 24. Nxa8 Qc6 25. Bxd4 O-O 26. Be3 Rxa8 27. Rxh1 Rc8 28.
gxh7+ Kxh7 29. Qf5+ Kg8 30. h6 g6 31. h7+ Kh8 32. Qe4 a5 33. Kb1 Qb5 34. Bc1 Bg7
35. Bd2 f5 36. Qh4 Qc6 37. c3 Qxf3 38. Qe1 Qd3+ 39. Ka2 a4 40. bxa4 b3+ 41. Ka3
Qc4 42. Rh4 e4 43. Qd1 Bf8# 0-1

[Event "Live Chess"]
[Site "Chess.com"]
[Date "2020.10.13"]
[Round "3"]
[White "mwncklmann"]
[Black "kclemens"]
[Result "1-0"]
[WhiteElo "1927"]
[BlackElo "1997"]
[TimeControl "2100+2"]
[EndTime "19:40:02 PDT"]
[Termination "mwncklmann won by checkmate"]

1. c4 e6 2. d4 d5 3. Nc3 Be7 4. Nf3 Nf6 5. Bg5 Nbd7 6. e3 O-O 7. Bd3 dxc4 8.
Bxc4 b6 9. O-O Bb7 10. Bf4 a6 11. Rc1 Rc8 12. Qe2 b5 13. Bd3 c5 14. dxc5 Nxc5
15. Bc2 Qb6 16. Rfd1 Rfd8 17. h3 Nd5 18. Nxd5 Bxd5 19. Ne5 Be4 20. Bxe4 Nxe4 21.
Rxd8+ Rxd8 22. Nc6 Rd2 23. Nxe7+ Kf8 24. Qf3 Nxf2 25. Nc8 Qd8 26. Nd6 Ke7 27.
Bg3 f6 28. Nc8+ Kf7 29. Bxf2 Rxb2 30. Qh5+ Kf8 31. Nd6 g6 32. Qxh7 Rd2 33. Qf7#
1-0

[Event "Live Chess"]
[Site "Chess.com"]
[Date "2020.10.13"]
[Round "3"]
[White "FelixGerman"]
[Black "PlayerCreate1"]
[Result "1-0"]
[WhiteElo "1976"]
[BlackElo "1812"]
[TimeControl "2100+2"]
[EndTime "19:16:02 PDT"]
[Termination "FelixGerman won by resignation"]

1. d4 Nf6 2. c4 g6 3. f3 Bg7 4. e4 O-O 5. Nc3 d6 6. Be3 Nbd7 7. Qd2 c6 8. Bd3 e5
9. d5 c5 10. Nge2 a6 11. O-O Nh5 12. g4 Nf4 13. Nxf4 exf4 14. Bxf4 Ne5 15. Rad1
Bd7 16. Be2 Qe7 17. Bh6 Bh8 18. Kg2 f6 19. Bf4 Bg7 20. a3 Kf7 21. b4 b6 22. bxc5
bxc5 23. Rb1 Rfb8 24. Rb2 Rxb2 25. Qxb2 Qd8 26. Rb1 g5 27. Bxe5 fxe5 28. Nd1 Bf6
29. Qb6 Ba4 30. Ne3 Qd7 31. Nf5 Be7 32. Qb7 Ra7 33. Qb8 Bf8 34. Rb6 Rc7 35. Rxa6
Rb7 36. Nxd6+ Bxd6 37. Qxd6 Qxd6 38. Rxd6 Rb2 39. Kf1 Rb1+ 40. Kf2 Rb2 41. Ke1
Rb1+ 42. Kd2 Rb2+ 43. Ke1 Rb1+ 44. Kf2 Rb2 45. Rh6 Bd1 46. Rxh7+ Kg6 47. Re7
Rxe2+ 48. Kf1 Rxh2 49. Rxe5 Bxf3 50. d6 Bxg4 51. Rxc5 Rd2 52. e5 Kf7 53. Rc7+
Ke8 54. Rg7 Rc2 55. Rxg5 Be2+ 56. Ke1 Bxc4 57. Kd1 Ra2 58. Rg3 Be6 59. Rc3 Kd8
60. Rg3 Rb2 61. Rg6 Kd7 62. Rg7+ Kd8 63. Re7 Bg4+ 64. Kc1 Ra2 65. Ra7 Bd7 66.
Ra8+ Bc8 67. e6 Rxa3 68. e7+ Kd7 69. Rxa3 1-0

[Event "Live Chess"]
[Site "Chess.com"]
[Date "2020.10.13"]
[Round "3"]
[White "Praschess"]
[Black "MatnMatt20"]
[Result "1-0"]
[WhiteElo "2508"]
[BlackElo "1718"]
[TimeControl "2100+2"]
[EndTime "19:43:45 PDT"]
[Termination "Praschess won by checkmate"]

1. e4 g6 2. d4 Bg7 3. Nc3 e6 4. Nf3 Ne7 5. Bg5 h6 6. Be3 b6 7. Bd3 Bb7 8. Qe2 d6
9. a4 a6 10. e5 Nd7 11. exd6 cxd6 12. Ne4 Nf6 13. Nxf6+ Bxf6 14. c3 Bg7 15. h4
e5 16. dxe5 dxe5 17. Bc4 Kf8 18. Bb3 Qc7 19. a5 bxa5 20. O-O Bf6 21. Ra4 Kg7 22.
h5 Bc6 23. Ra3 Bb5 24. c4 Bc6 25. Ba4 Rab8 26. hxg6 Bxa4 27. Rxa4 Nxg6 28. c5 e4
29. Rxe4 Rxb2 30. Qxa6 Qb7 31. Qxb7 Rxb7 32. Nd4 Ra8 33. Rc1 Kh7 34. Nf5 Rb4 35.
Rxb4 axb4 36. Bd4 Bxd4 37. Nxd4 Nf4 38. Rc4 Rb8 39. c6 Nd5 40. Nb3 Kg6 41. Rd4
Nc7 42. Rd6+ f6 43. g4 Rb6 44. f4 Nb5 45. Rd5 Nc7 46. Rc5 Ne6 47. f5+ Kf7 48.
fxe6+ Kxe6 49. c7 Kd6 50. c8=Q h5 51. Qc7+ Ke6 52. Qxb6+ Kf7 53. gxh5 Kg7 54.
Rc7+ Kh6 55. Qxf6+ Kxh5 56. Rh7+ Kg4 57. Rh4+ Kg3 58. Qf4# 1-0

[Event "Live Chess"]
[Site "Chess.com"]
[Date "2020.10.13"]
[Round "3"]
[White "microbear"]
[Black "katechen77"]
[Result "0-1"]
[WhiteElo "2186"]
[BlackElo "1851"]
[TimeControl "2100+2"]
[EndTime "19:46:38 PDT"]
[Termination "katechen77 won by checkmate"]

1. e4 c5 2. Nf3 d6 3. d4 cxd4 4. Nxd4 Nf6 5. Nc3 g6 6. h3 Bg7 7. Be3 O-O 8. g4
Nc6 9. Bg2 Bd7 10. O-O Rc8 11. Qd2 Ne5 12. b3 Qa5 13. Nde2 Rfe8 14. Rab1 a6 15.
a4 Nc6 16. Rfd1 Be6 17. f4 Nb4 18. Rbc1 Nc6 19. Kh1 Bd7 20. Nd5 Qxd2 21. Rxd2
Be6 22. c4 Na5 23. Rb1 Bd7 24. Nb6 Rc7 25. e5 dxe5 26. fxe5 Nxg4 27. hxg4 Bxg4
28. Bf4 e6 29. Ng3 h6 30. Ne4 Bf5 31. Rbb2 Bxe4 32. Bxe4 g5 33. Bh2 Nc6 34. Nd7
Kh8 35. Nf6 Rf8 36. Rd6 Rcc8 37. Rbd2 Na5 38. R2d3 Nc6 39. Bxc6 Rxc6 40. Nh5
Rfc8 41. Nxg7 Kxg7 42. Kg2 Kg6 43. Rd7 R6c7 44. R7d6 Rc6 45. Rf3 R8c7 46. Rf6+
Kg7 47. Kf3 Rc8 48. Kg4 Rxd6 49. exd6 Kxf6 50. Kf3 Kg6 51. Ke4 Rd8 52. c5 a5 53.
Bg3 f6 54. Be1 Rd7 55. Bxa5 h5 56. b4 h4 57. b5 h3 58. Kf3 f5 59. c6 bxc6 60. b6
g4+ 61. Kg3 Kg5 62. Bd2+ Kh5 63. a5 Rxd6 64. b7 Rd3+ 65. Kf4 Rb3 66. a6 h2 67.
a7 h1=Q 68. a8=Q Qe4# 0-1

[Event "Live Chess"]
[Site "Chess.com"]
[Date "2020.10.13"]
[Round "3"]
[White "chessappeals"]
[Black "GGuseinov"]
[Result "0-1"]
[WhiteElo "1783"]
[BlackElo "2600"]
[TimeControl "2100+2"]
[EndTime "19:21:56 PDT"]
[Termination "GGuseinov won by resignation"]

1. e4 c5 2. Nf3 g6 3. d3 Bg7 4. g3 Nc6 5. Bg2 Nf6 6. O-O O-O 7. c3 d6 8. Re1 e5
9. Na3 Re8 10. Nc2 d5 11. exd5 Nxd5 12. Ne3 Be6 13. Nxd5 Bxd5 14. c4 Be6 15. Ng5
Qd7 16. Nxe6 Rxe6 17. Bd5 Rd6 18. Be3 b6 19. Qf3 Re8 20. a3 Rf6 21. Bxc6 Rxc6
22. b4 cxb4 23. Qd5 Rd6 24. Qb5 Qxb5 25. cxb5 b3 26. Rab1 Rxd3 27. Bc1 e4 28.
Bb2 f5 29. Bxg7 Kxg7 30. Re3 Rxe3 31. fxe3 Rd8 32. Rxb3 Rd3 33. Rxd3 exd3 34.
Kf2 Kf6 35. Ke1 Ke5 36. Kd2 Ke4 0-1

[Event "Live Chess"]
[Site "Chess.com"]
[Date "2020.10.13"]
[Round "3"]
[White "etvat"]
[Black "rimus11"]
[Result "0-1"]
[WhiteElo "2120"]
[BlackElo "1513"]
[TimeControl "2100+2"]
[EndTime "19:39:11 PDT"]
[Termination "rimus11 won by checkmate"]

1. Nf3 d5 2. g3 Nc6 3. Bg2 e5 4. O-O Be6 5. b3 Qd7 6. Bb2 f6 7. d4 Bd6 8. dxe5
fxe5 9. Ng5 Nf6 10. e4 d4 11. c3 h6 12. Nxe6 Qxe6 13. cxd4 exd4 14. f4 Bc5 15.
Kh1 O-O-O 16. Nd2 h5 17. h3 Ng4 18. Qc1 Bb6 19. Nc4 Ne3 20. Nxe3 dxe3 21. Bxg7
Rhg8 22. f5 Qd6 23. f6 Qxg3 24. Qc4 Rd2 25. Qe6+ Kb8 26. Rg1 Rgd8 27. Bh6 Nd4
28. Qe7 Nf3 29. Qxd8+ Rxd8 30. Bxf3 Qxf3+ 31. Kh2 Rd2+ 32. Rg2 Qxg2# 0-1

[Event "Live Chess"]
[Site "Chess.com"]
[Date "2020.10.13"]
[Round "3"]
[White "Kaline340Green"]
[Black "BreatheChessAlways"]
[Result "0-1"]
[WhiteElo "1569"]
[BlackElo "1941"]
[TimeControl "2100+2"]
[EndTime "18:55:25 PDT"]
[Termination "BreatheChessAlways won by checkmate"]

1. e4 c5 2. Nf3 Nc6 3. d4 cxd4 4. Nxd4 e5 5. Nb5 d6 6. c4 Be7 7. N1c3 a6 8. Na3
f5 9. Nc2 f4 10. Qh5+ g6 11. Qd1 Nf6 12. Be2 O-O 13. h4 h5 14. g3 fxg3 15. fxg3
Ng4 16. Ne3 Nf2 17. Qd2 Nxh1 18. Nf1 Qe8 19. Nd5 Qf7 20. Nb6 Qf2+ 21. Kd1 Qxb6
22. Qh6 Qd4+ 23. Bd2 Qxe4 24. Rc1 Nf2+ 25. Ke1 Nd3+ 26. Kd1 Rxf1+ 27. Be1 Rxe1+
28. Kd2 Qxe2+ 29. Kc3 Rxc1+ 30. Kb3 Qxb2+ 31. Ka4 Nc5# 0-1

[Event "Live Chess"]
[Site "Chess.com"]
[Date "2020.10.13"]
[Round "3"]
[White "Talenuf"]
[Black "SunnyCountry"]
[Result "1-0"]
[WhiteElo "1900"]
[BlackElo "1355"]
[TimeControl "2100+2"]
[EndTime "19:37:25 PDT"]
[Termination "Talenuf won by resignation"]

1. e4 c5 2. Nf3 d6 3. d4 cxd4 4. Nxd4 Nf6 5. Nc3 a6 6. Be2 e6 7. O-O Be7 8. a4
O-O 9. f4 Nc6 10. Nf3 Qc7 11. Kh1 b6 12. Be3 Bb7 13. Qe1 Nb4 14. Bd3 Rac8 15. h3
h6 16. Qf2 Bd8 17. Rad1 Re8 18. g4 Nxd3 19. cxd3 Bc6 20. g5 hxg5 21. fxg5 Nh7
22. Nd4 Bb7 23. Rg1 g6 24. Rdf1 Rf8 25. h4 Qd7 26. Qf3 Bc6 27. Nxc6 Rxc6 28. h5
Qe8 29. Rf2 Be7 30. Rh2 Qd8 31. Qh3 1-0

[Event "Live Chess"]
[Site "Chess.com"]
[Date "2020.10.13"]
[Round "3"]
[White "chesspoki"]
[Black "J3Chess24"]
[Result "0-1"]
[WhiteElo "1331"]
[BlackElo "1869"]
[TimeControl "2100+2"]
[EndTime "19:05:45 PDT"]
[Termination "J3Chess24 won by checkmate"]

1. e4 c6 2. d4 d5 3. Nc3 dxe4 4. Nxe4 Bf5 5. Ng3 Bg6 6. h4 h6 7. Nf3 Nd7 8. Bd3
Bxd3 9. Qxd3 Ngf6 10. Bf4 e6 11. O-O-O Qa5 12. Qb3 Qb6 13. Qc4 Qb4 14. Qe2 a5
15. c3 Qb6 16. Ne5 Bd6 17. Ne4 Bxe5 18. Bxe5 Nxe5 19. Nd6+ Ke7 20. Qxe5 Rhd8 21.
Qc5 Qxc5 22. dxc5 b6 23. Nc4 bxc5 24. Ne5 Rd5 25. Rhe1 Rc8 26. Nc4 Ra8 27. Re5
Nd7 28. Rexd5 cxd5 29. Ne3 Rd8 30. Re1 Nf6 31. g4 Kf8 32. f3 a4 33. g5 hxg5 34.
hxg5 Nd7 35. Ng4 g6 36. Nf6 Nxf6 37. gxf6 Ke8 38. Rh1 Kd7 39. Rh7 Rf8 40. Kd2 e5
41. c4 d4 42. Kd3 Ke6 43. Ke4 Kxf6 44. Kd5 Rc8 45. Rh1 Kf5 46. Re1 f6 47. Re4 d3
48. Re1 d2 49. Rd1 Kf4 50. Ke6 Ke3 51. Kxf6 Ke2 52. Rxd2+ Kxd2 53. Kxe5 Rf8 54.
f4 Ke3 55. Kd5 Rf5+ 56. Ke6 Kxf4 57. Kd6 g5 58. Kc6 g4 59. Kb5 g3 60. Kxa4 g2
61. b4 g1=Q 62. b5 Qb1 63. Ka5 Rf6 64. a3 Qb3 65. b6 Qxb6+ 66. Ka4 Qb7 67. Ka5
Ra6# 0-1

[Event "Live Chess"]
[Site "Chess.com"]
[Date "2020.10.13"]
[Round "3"]
[White "pranavpradeep2006"]
[Black "BirdOrBust"]
[Result "1/2-1/2"]
[WhiteElo "1323"]
[BlackElo "1843"]
[TimeControl "2100+2"]
[EndTime "19:33:59 PDT"]
[Termination "Game drawn by agreement"]

1. e4 c5 2. Nf3 d6 3. d4 cxd4 4. Nxd4 Nf6 5. Nc3 g6 6. Be3 Bg7 7. f3 O-O 8. Qd2
Nc6 9. O-O-O Bd7 10. a3 a6 11. g4 Rc8 12. Nxc6 Bxc6 13. h4 h5 14. g5 Nd7 15. Bd3
Qa5 16. Nd5 Qxd2+ 17. Rxd2 Bxd5 18. exd5 Nc5 19. Kb1 Rc7 20. Bxc5 Rxc5 21. Re1
Re8 22. Rde2 Kf8 23. Be4 Be5 24. Rd1 Rec8 25. Rg2 Rb5 26. b3 a5 27. a4 Rbc5 28.
Rd3 b5 29. axb5 Rxb5 30. Ka2 Rbc5 31. Re3 Ra8 32. Ka3 1/2-1/2

[Event "Live Chess"]
[Site "Chess.com"]
[Date "2020.10.13"]
[Round "3"]
[White "A-boy415"]
[Black "jacobchess857"]
[Result "1/2-1/2"]
[WhiteElo "1842"]
[BlackElo "1287"]
[TimeControl "2100+2"]
[EndTime "19:12:58 PDT"]
[Termination "Game drawn by repetition"]

1. e4 e5 2. Nf3 Nc6 3. d4 exd4 4. Bc4 h6 5. O-O d6 6. Nxd4 Nxd4 7. Qxd4 Nf6 8.
e5 dxe5 9. Qxd8+ Kxd8 10. Bxf7 Ke7 11. Bg6 Nd7 12. Nc3 c6 13. f4 Kd8 14. fxe5
Bc5+ 15. Kh1 Nxe5 16. Rd1+ Bd7 17. Bf5 Kc8 18. Bxd7+ Nxd7 19. Ne4 Be7 20. Bf4 g5
21. Bg3 b6 22. Rd3 Nc5 23. Nxc5 Bxc5 24. Rad1 Re8 25. Rd7 Re7 26. R7d3 Kb7 27.
c3 Rf7 28. b4 Raf8 29. h3 Rf1+ 30. Kh2 Bg1+ 31. Kh1 Be3+ 32. Kh2 Bg1+ 33. Kh1
Be3+ 34. Rxf1 Rxf1+ 35. Kh2 Bg1+ 36. Kh1 Bf2+ 37. Kh2 Bg1+ 38. Kh1 Bf2+ 39. Kh2
Bg1+ 1/2-1/2

[Event "Live Chess"]
[Site "Chess.com"]
[Date "2020.10.13"]
[Round "3"]
[White "noydan100"]
[Black "vish1080"]
[Result "0-1"]
[WhiteElo "1235"]
[BlackElo "1775"]
[TimeControl "2100+2"]
[EndTime "19:31:59 PDT"]
[Termination "vish1080 won by checkmate"]

1. e4 c5 2. d4 cxd4 3. c3 Nc6 4. Nf3 d5 5. exd5 Qxd5 6. cxd4 e5 7. dxe5 Qxd1+ 8.
Kxd1 Bg4 9. Bf4 O-O-O+ 10. Nd2 h6 11. a3 g5 12. Bg3 Bxf3+ 13. gxf3 Bg7 14. Bh3+
Kb8 15. e6+ Ka8 16. exf7 Nge7 17. Rb1 Nd4 18. Bc7 Rd5 19. Rc1 Nxf3 20. Rc2 Nd4
21. Rc1 h5 22. Bg2 Rf5 23. Re1 Rxf7 24. Bd6 Nec6 25. Bd5 Rxf2 26. b4 a6 27. Bc5
Rd8 28. Nc4 Nf3 29. Nb6+ Kb8 30. Bxf2 Nxe1 31. Kxe1 Nd4 32. Bg3+ Ka7 33. Nc8+
Ka8 34. Nb6+ Ka7 35. Nc8+ Ka8 36. Bxb7+ Kxb7 37. Rc7+ Kb8 38. Rxg7+ Kxc8 39.
Rc7+ Kb8 40. Rc4+ Kb7 41. Rc7+ Kb6 42. Rg7 Re8+ 43. Kd2 Nf3+ 44. Kc3 Re3+ 45.
Kc4 Rxa3 46. Bc7+ Kc6 47. Bg3 Nd2+ 48. Kd4 Nf3+ 49. Kc4 h4 50. Rg6+ Kb7 51. Rg7+
Kc8 52. Rg8+ Kd7 53. Rg7+ Ke6 54. Rg6+ Kf5 55. Rc6 hxg3 56. Rc5+ Ne5+ 57. Kd4
Rd3# 0-1

[Event "Live Chess"]
[Site "Chess.com"]
[Date "2020.10.13"]
[Round "3"]
[White "Joseph_Truelsons_Fan"]
[Black "sfdeals"]
[Result "1/2-1/2"]
[WhiteElo "1761"]
[BlackElo "931"]
[TimeControl "2100+2"]
[EndTime "19:35:35 PDT"]
[Termination "Game drawn by repetition"]

1. d4 Nf6 2. c4 g6 3. g3 Bg7 4. Bg2 O-O 5. Nc3 d6 6. Nf3 Nbd7 7. O-O c5 8. e4 a6
9. e5 dxe5 10. dxe5 Ng4 11. e6 Nde5 12. exf7+ Nxf7 13. h3 Nge5 14. Qe2 Nxf3+ 15.
Bxf3 Ne5 16. Bg2 Bf5 17. Rd1 Qc8 18. Nd5 Qb8 19. Nxe7+ Kh8 20. f4 Nf7 21. g4 Bc8
22. Nd5 b5 23. Ne7 Bb7 24. Nc6 Qe8 25. Qxe8 Raxe8 26. cxb5 axb5 27. Ne5 Bxg2 28.
Nxf7+ Rxf7 29. Kxg2 Re2+ 30. Kf3 Bxb2 31. Rd8+ Kg7 32. Rb1 Bf6 33. Kxe2 Bxd8 34.
Rxb5 Ra7 35. a3 Rc7 36. Bb2+ Bf6 37. Bxf6+ Kxf6 38. Kd3 Ra7 39. Rxc5 Rxa3+ 40.
Rc3 Ra1 41. Rc6+ Kg7 42. Ke4 Rh1 43. Rc3 Re1+ 44. Kd5 Rd1+ 45. Ke4 Re1+ 46. Re3
Ra1 47. h4 Rh1 48. h5 gxh5 49. g5 h4 50. Kf5 h3 51. Re7+ Kf8 52. Rxh7 Kg8 53.
Rh4 h2 54. g6 Kg7 55. Rh7+ Kg8 56. Rh4 Kg7 57. Rh7+ Kg8 58. Kf6 Rf1 59. Rg7+ Kf8
60. Rf7+ Kg8 61. Rh7 h1=Q 62. Rg7+ Kf8 63. Rf7+ Ke8 64. Re7+ Kf8 65. Rf7+ Kg8
66. Rg7+ Kf8 67. Rf7+ 1/2-1/2

[Event "Live Chess"]
[Site "Chess.com"]
[Date "2020.10.13"]
[Round "3"]
[White "starserika18"]
[Black "JeffNorthSF"]
[Result "1-0"]
[WhiteElo "1693"]
[BlackElo "923"]
[TimeControl "2100+2"]
[EndTime "19:44:34 PDT"]
[Termination "starserika18 won on time"]

1. d4 Nf6 2. c4 g6 3. Bg5 Bg7 4. Nf3 d5 5. e3 c5 6. dxc5 Qa5+ 7. Qd2 Qxc5 8. b4
Qc7 9. Bf4 Ne4 10. Qxd5 Qc6 11. Be5 Qxd5 12. cxd5 f6 13. Bb2 O-O 14. Bd3 Bf5 15.
Bc4 Nd6 16. Bb3 Bd3 17. Nfd2 b5 18. f3 Nd7 19. Kf2 Nb6 20. e4 Rfc8 21. Bd4 Nbc4
22. a4 a6 23. Rd1 Kf7 24. Nf1 Bxb1 25. Raxb1 Ne5 26. Ne3 f5 27. f4 Nec4 28. e5
Ne4+ 29. Ke2 Nxe3 30. Kxe3 e6 31. dxe6+ Ke7 32. Bd5 Nc3 33. Bc5+ Rxc5 34. bxc5
Nxd1+ 35. Rxd1 Rd8 36. axb5 axb5 37. Rd2 b4 38. Kd4 Bh6 39. g3 g5 40. fxg5 Bxg5
41. Rf2 Be3+ 42. Kxe3 Rxd5 43. Rxf5 Rxc5 44. Kd4 Rc1 45. Rh5 b3 46. Rxh7+ Kxe6
47. Rh6+ Ke7 48. Rb6 Rd1+ 49. Kc3 Rh1 50. Rxb3 Rxh2 51. Kd4 Rd2+ 52. Rd3 Rg2 53.
Ke4 Ke6 54. Rd6+ Ke7 55. Rg6 Re2+ 56. Kf4 Kf7 57. Ra6 Rf2+ 58. Ke3 Rg2 59. Kf3
Rb2 60. g4 Rb3+ 61. Kf4 Rb4+ 62. Kf5 Rb5 63. g5 Kg7 64. Ra7+ Kg8 65. Kf6 Rb6+
66. e6 Kf8 67. Ra8+ 1-0

[Event "Live Chess"]
[Site "Chess.com"]
[Date "2020.10.13"]
[Round "3"]
[White "rachael1120"]
[Black "MrL0cust"]
[Result "1-0"]
[WhiteElo "1656"]
[BlackElo "831"]
[TimeControl "2100+2"]
[EndTime "19:25:04 PDT"]
[Termination "rachael1120 won by resignation"]

1. e4 c6 2. d4 d5 3. exd5 cxd5 4. c4 Nf6 5. Nc3 Nc6 6. Be3 Bf5 7. cxd5 Nxd5 8.
Bc4 Nxe3 9. fxe3 e6 10. Nf3 Be7 11. O-O O-O 12. h3 h6 13. Bd3 Bxd3 14. Qxd3 Rc8
15. Rfd1 Nb4 16. Qb5 Nc2 17. Rab1 Nxe3 18. Re1 Nd5 19. Nxd5 Qxd5 20. Qxd5 exd5
21. Rxe7 Rb8 22. Rc1 Rfe8 23. Rxe8+ Rxe8 24. Rc7 Re2 25. Rxb7 a6 26. a3 f6 27.
Rb6 a5 28. b3 Re3 29. Kf2 Rc3 30. Rb5 Rc2+ 31. Kg3 Rb2 32. Nh4 Kf7 33. Nf5 Kg6
34. Ne7+ 1-0

[Event "Live Chess"]
[Site "Chess.com"]
[Date "2020.10.13"]
[Round "3"]
[White "OlympusMons00"]
[Black "chessboi2010"]
[Result "0-1"]
[WhiteElo "537"]
[BlackElo "1628"]
[TimeControl "2100+2"]
[EndTime "19:07:43 PDT"]
[Termination "chessboi2010 won by checkmate"]

1. e4 c5 2. Nf3 d6 3. d4 cxd4 4. Nxd4 Nf6 5. Nc3 a6 6. Bd3 e5 7. Nb3 Be6 8. Bg5
Be7 9. Qe2 O-O 10. Rd1 h6 11. Bh4 Nc6 12. O-O Qb6 13. Qf3 Bg4 14. Nd5 Nxd5 15.
Qxg4 Nf4 16. Bxe7 Nxe7 17. g3 Nfg6 18. Be2 Rac8 19. c4 Rfd8 20. Rc1 a5 21. Rfd1
a4 22. c5 dxc5 23. Rxd8+ Rxd8 24. Nxc5 Qxb2 25. Rd1 Rxd1+ 26. Bxd1 a3 27. Bb3
Qc1+ 28. Qd1 Qxc5 29. Qd8+ Nf8 30. Kg2 Ng6 31. Kh3 Qxf2 32. Kg4 Qe2+ 33. Kf5
Qf3# 0-1

[Event "Live Chess"]
[Site "Chess.com"]
[Date "2020.10.13"]
[Round "3"]
[White "Mangonel"]
[Black "adichi"]
[Result "1-0"]
[WhiteElo "1940"]
[BlackElo "933"]
[TimeControl "2100+2"]
[EndTime "18:50:14 PDT"]
[Termination "Mangonel won by checkmate"]

1. d4 f5 2. g3 Nf6 3. Bg2 e6 4. Nf3 d6 5. O-O Be7 6. c4 O-O 7. Nc3 Qe8 8. Re1
Bd8 9. e4 e5 10. exf5 e4 11. Nh4 Nh5 12. Nxe4 Bxf5 13. Nf6+ Nxf6 14. Rxe8 Rxe8
15. Nxf5 c6 16. Nxd6 Re6 17. Nxb7 Re7 18. Nxd8 Rc7 19. Bf4 Rc8 20. Ne6 Nbd7 21.
d5 c5 22. d6 Rab8 23. Bd5 Rxb2 24. Nxc5+ Kh8 25. Nxd7 Nxd7 26. Qd4 a6 27. Bh6
Nf6 28. Qxb2 gxh6 29. Qxf6# 1-0

[Event "Live Chess"]
[Site "Chess.com"]
[Date "2020.10.13"]
[Round "3"]
[White "nicarmt"]
[Black "camachom"]
[Result "1-0"]
[WhiteElo "1883"]
[BlackElo "1311"]
[TimeControl "2100+2"]
[EndTime "19:48:42 PDT"]
[Termination "nicarmt won by resignation"]

1. e4 b6 2. Nf3 Bb7 3. Nc3 e6 4. d4 Nf6 5. Bd3 c5 6. Bf4 cxd4 7. Nxd4 Nc6 8.
Nxc6 Bxc6 9. O-O d5 10. exd5 Nxd5 11. Be4 Rc8 12. Nxd5 Bxd5 13. Qe2 Bc4 14. Bd3
Bxd3 15. cxd3 Bd6 16. Be5 Bxe5 17. Qxe5 O-O 18. Qe4 Rc2 19. b3 Qc7 20. h3 Rc8
21. Rfe1 Qc5 22. d4 Qg5 23. a4 Qf6 24. Rf1 g6 25. Rad1 R8c3 26. Qa8+ Kg7 27.
Qxa7 Rxb3 28. Qb8 Re2 29. a5 Rbb2 30. Qg3 bxa5 31. Rd3 Rb4 32. Rf3 Qd8 33. Ra3
a4 34. Rf3 Rxd4 35. Rxf7+ Kxf7 36. Qf3+ Kg7 37. Qxe2 Qd7 38. Qe5+ Kh6 39. Qe3+
Kg7 40. Qc3 Qd5 41. Ra1 e5 42. Qc7+ Kh6 43. Qc1+ Kg7 44. Qc2 Qb3 45. Qc7+ Kh6
46. Qxe5 Rd5 47. Qf4+ Kg7 48. Qxa4 Rd1+ 49. Kh2 Qb8+ 50. g3 Rxa1 51. Qxa1+ Kh6
52. Qc1+ Kg7 53. Qe3 Qf8 54. Kg2 Qf6 55. Qa7+ Kh6 56. Qe3+ Kg7 57. g4 Qc6+ 58.
Kg3 Qd6+ 59. Qf4 Qxf4+ 60. Kxf4 Kf6 61. g5+ Ke6 62. Kg4 Ke5 63. f4+ Ke6 64. h4
Kf7 65. h5 Kg7 66. h6+ Kf7 67. Kf3 Ke6 68. Ke4 Kf7 69. Ke5 Ke7 70. Ke4 Ke6 71.
Kf3 Kf5 72. Kg3 Ke6 73. Kg4 Kf7 74. f5 gxf5+ 75. Kxf5 Kg8 76. Kf6 Kh8 77. Kf5
Kg8 78. Ke6 Kf8 79. Kf6 Kg8 80. Kf5 Kf7 81. Ke5 Kg6 82. Kf4 Kh5 83. Kf5 Kh4 84.
g6 hxg6+ 85. Kxg6 1-0

[Event "Live Chess"]
[Site "Chess.com"]
[Date "2020.10.13"]
[Round "3"]
[White "GiorgosTsolias"]
[Black "victor6688"]
[Result "1-0"]
[WhiteElo "1710"]
[BlackElo "1091"]
[TimeControl "2100+2"]
[EndTime "19:45:45 PDT"]
[Termination "GiorgosTsolias won by checkmate"]

1. e4 d5 2. exd5 Nf6 3. d4 Nxd5 4. c4 Nf6 5. Nf3 e6 6. Bd3 Nc6 7. Be3 Be7 8. Nc3
O-O 9. O-O b6 10. d5 exd5 11. cxd5 Nb4 12. Bc4 Bb7 13. Bg5 Bxd5 14. Bxf6 Bxc4
15. Bxe7 Qxe7 16. Re1 Qd8 17. Qa4 c5 18. a3 b5 19. Nxb5 Bxb5 20. Qxb5 Nc2 21.
Rad1 Qc7 22. Re2 Nd4 23. Nxd4 cxd4 24. Red2 Rab8 25. Qa4 Qb6 26. b4 Rbd8 27. Qb3
Rfe8 28. Rd3 Re2 29. Kf1 Rde8 30. Qc4 Qh6 31. Qxd4 Qxh2 32. Rh3 Qc7 33. Re3
R2xe3 34. fxe3 h6 35. Qd7 Qc4+ 36. Kf2 Qc2+ 37. Rd2 Qc8 38. Qxc8 Rxc8 39. Rd7
Ra8 40. b5 Kf8 41. a4 Ke8 42. Rb7 a6 43. b6 a5 44. Rc7 Rb8 45. b7 Kd8 46. Rxf7
g6 47. Kf3 h5 48. Kf4 Ke8 49. Rh7 Kf8 50. Kg5 Kg8 51. Rc7 Kf8 52. Kxg6 Ke8 53.
Kxh5 Kd8 54. Rg7 Ke8 55. Rg8+ Kd7 56. Rxb8 Kc7 57. Ra8 Kxb7 58. Rxa5 Kb6 59.
Rb5+ Ka6 60. e4 Ka7 61. e5 Ka6 62. e6 Ka7 63. e7 Ka6 64. e8=Q Ka7 65. Qb8+ Ka6
66. Qb6# 1-0

[Event "Live Chess"]
[Site "Chess.com"]
[Date "2020.10.13"]
[Round "3"]
[White "fiddleleaf"]
[Black "kevin_mx_sun"]
[Result "0-1"]
[WhiteElo "1574"]
[BlackElo "1073"]
[TimeControl "2100+2"]
[EndTime "19:41:32 PDT"]
[Termination "kevin_mx_sun won by checkmate"]

1. d4 Nf6 2. c4 g6 3. Nc3 Bg7 4. Nf3 O-O 5. g3 d6 6. Bg2 Nbd7 7. O-O c5 8. e3
Nb6 9. b3 Bg4 10. Bb2 Qc8 11. Qd2 d5 12. cxd5 Nbxd5 13. Nxd5 Nxd5 14. Rac1 b6
15. Ne5 Be6 16. Nd3 Bh6 17. dxc5 bxc5 18. Rxc5 Qd7 19. Bxd5 Bxd5 20. Nb4 Be6 21.
Qxd7 Bxd7 22. Nd5 Bg7 23. Nxe7+ Kh8 24. Ba3 Bh3 25. Rfc1 Rfd8 26. Rc7 Rd2 27.
Bb4 Rxa2 28. Bc3 Bxc3 29. R7xc3 Rd8 30. Rc8 Bxc8 31. Nxc8 Rad2 32. Kg2 Rb2 33.
Rc3 Rdd2 34. Nxa7 Rxf2+ 35. Kh3 Rxh2+ 36. Kg4 Rbf2 37. Rc4 h5+ 38. Kg5 Kg7 39.
Rf4 f6+ 40. Rxf6 Rxf6 41. g4 hxg4 42. Kxg4 Rh5 43. Kg3 Ra6 44. Nb5 Rxb5 45. e4
Rxb3+ 46. Kf4 Ra4 47. Ke5 Rb5+ 48. Kf4 Rbb4 49. Ke3 Rxe4+ 50. Kf3 Reb4 51. Ke3
Rb3+ 52. Kd2 Ra2+ 53. Kc1 Rh3 54. Kb1 Re2 55. Kc1 Rh1# 0-1

[Event "Live Chess"]
[Site "Chess.com"]
[Date "2020.10.13"]
[Round "3"]
[White "echecsmike"]
[Black "SaintReturns"]
[Result "1-0"]
[WhiteElo "1446"]
[BlackElo "1060"]
[TimeControl "2100+2"]
[EndTime "19:37:54 PDT"]
[Termination "echecsmike won by resignation"]

1. d4 d5 2. Nf3 Bg4 3. e3 Bxf3 4. Qxf3 e6 5. Bd3 Nf6 6. Nd2 Bd6 7. O-O Nc6 8. a3
Qe7 9. b3 h5 10. Bb2 Ng4 11. g3 Rh6 12. c4 Rf6 13. Qg2 Qd7 14. cxd5 exd5 15.
Qxd5 O-O-O 16. Ne4 Re6 17. Nxd6+ Rxd6 18. Qxh5 Rh6 19. Qc5 g6 20. h4 Rh5 21. Qc2
Ne7 22. Be2 Rdh8 23. Rac1 c6 24. d5 R8h7 25. dxc6 Nxc6 26. Bf3 g5 27. Bxc6 bxc6
28. Qxc6+ Qxc6 29. Rxc6+ Kb7 30. Rfc1 gxh4 31. Rc7+ Kb6 32. Bd4+ Kb5 33. Rb7+
Ka6 34. Rxa7+ Kb5 35. Rb7+ Ka5 36. Rc5+ Rxc5 37. Bxc5 h3 38. b4+ Ka4 39. Ra7+
Kb3 40. e4 h2+ 41. Kh1 Ne5 42. f4 Nd3 43. Bb6 Nc1 44. e5 Ne2 45. Bf2 Rh8 46.
Rxf7 Kc3 47. e6 Kd3 48. e7 Re8 49. Kxh2 Nd4 50. Bxd4 Kxd4 51. f5 Ke5 52. f6 Rh8+
53. Kg2 1-0

[Event "Live Chess"]
[Site "Chess.com"]
[Date "2020.10.13"]
[Round "3"]
[White "swimgrass"]
[Black "andrewaballantyne"]
[Result "1-0"]
[WhiteElo "1363"]
[BlackElo "953"]
[TimeControl "2100+2"]
[EndTime "18:52:38 PDT"]
[Termination "swimgrass won by resignation"]

1. c4 b6 2. g3 Bb7 3. Nf3 Bxf3 4. exf3 c5 5. Bg2 Nc6 6. Nc3 g6 7. f4 Bg7 8. a3
a5 9. Nb5 Nf6 10. d4 cxd4 11. Nxd4 O-O 12. Nxc6 dxc6 13. Qxd8 Raxd8 14. Bxc6 Rc8
15. Bb5 Ne4 16. Be3 Bxb2 17. Rb1 Bc3+ 18. Ke2 Bg7 19. Kf3 Nc3 20. Rb3 Nxb5 21.
cxb5 Rb8 22. Rd1 Rfc8 23. Rd7 e6 24. Rd6 Rc3 25. Rxc3 Bxc3 26. Rxb6 Rc8 27. Rc6
Rb8 28. Rxc3 Rxb5 29. Rc5 1-0